 Dungeon Crawl Stone Soup version 0.25.1-9-gc5326a611f (webtiles) character file.

Game seed: 4158987922855229599

61 funkygono the Chucker (level 3, -2/35 HPs)
             Began as a Troll Hunter on Dec 28, 2020.
             Slain by Sigmund
             ... wielding a +0 scythe
              (9 damage)
             ... on level 2 of the Dungeon.
             The game lasted 00:01:47 (751 turns).

funkygono the Chucker (Troll Hunter)                 Turns: 751, Time: 00:01:47

Health: -2/35      AC:  6    Str: 21    XL:     3   Next: 83%
Magic:  2/2        EV: 10    Int:  7    God:
Gold:   43         SH:  0    Dex: 10    Spells: 2/2 levels left

rFire    . . .     SeeInvis .     - Unarmed
rCold    . . .     Gourm    +   (no shield)
rNeg     . . .     Faith    .   b - +0 robe
rPois    .         Spirit   .   (helmet restricted)
rElec    .         Reflect  .   (no cloak)
rCorr    .         Harm     .   (gloves unavailable)
MR       .....                  (boots unavailable)
Stlth    +.........             (no amulet)
HPRegen  0.51/turn              (no ring)
MPRegen  0.08/turn              (no ring)

@: no status effects
A: large, unfitting armour, claws 3, fast metabolism 3, gourmand, regeneration
1, shaggy fur 1, tough skin 3
a: no special abilities


You were on level 2 of the Dungeon.
You were very full.

You visited 1 branch of the dungeon, and saw 2 of its levels.

You collected 43 gold pieces.

Inventory:

Hand Weapons
 a - a +0 short sword
Missiles
 c - 5 large rocks
 d - 2 throwing nets
 i - a stone (quivered)
Armour
 b - a +0 robe (worn)
Scrolls
 e - a scroll of identify
Potions
 g - a potion of heal wounds {unknown}
 h - a potion of curing
 k - a potion of flight
Comestibles
 f - 4 rations
 j - 3 chunks of flesh


   Skills:
 + Level 1.7 Fighting
 + Level 4.5 Throwing
 + Level 1.9 Dodging
 + Level 0.4 Stealth
 + Level 1.0 Unarmed Combat


You had 2 spell levels left.
You didn't know any spells.
Your spell library was empty.

Dungeon Overview and Level Annotations

Branches:
Dungeon (2/15)

Altars:

Annotations:
D:2 Sigmund


Innate Abilities, Weirdness & Mutations

You are too large for most types of armour.
You have claws for hands.
Your metabolism is lightning-fast.
You like to eat raw meat.
Your natural rate of healing is unusually fast.
You are covered in fur. (AC +1)
You have extremely tough skin. (AC +3)


Message History

You scratch the adder.
The adder is severely wounded.
The adder closely misses you. Something hits you.
You barely miss the adder.
The adder is severely wounded.
The adder bites you but does no damage. Something hits you.
The adder closely misses you.
You claw the adder!
You kill the adder!
Your Unarmed Combat skill increases to level 1!
Something hits you!
You see here an adder corpse.
You scratch something. Something hits you.
You barely miss something. You scratch something. Something hits you!
* * * LOW HITPOINT WARNING * * *
You miss something. Something hits you but does no damage.
You scratch something. You closely miss something. Something hits you!
You die...

##. ## ####### ..
.. .# #.....# #.
#.##(# #>....##
#. ..#(# #......#
#. #.#.#
#......####.
#.###.#.#
#...........
#....g..#
#########.##
#####{### #.# #@#
#.# #.#########
#.#
#.........#####.#
######..#.....<.#
#....#######
#.#.## #...#
#####


You could see a hobgoblin.

Vanquished Creatures
  2 adders (D:2)
  An ooze (D:1)
  4 dart slugs (D:1)
  2 leopard geckos (D:1)
  5 bats (D:1)
  2 giant cockroaches (D:1)
  3 hobgoblins (D:1)
  2 kobolds (D:1)
  3 frilled lizards (D:1)
  3 goblins (D:1)
  2 rats
29 creatures vanquished.

Notes
Turn   | Place    | Note
-------+----------+-------------------------------------------
     0 | D:1      | funkygono the Troll Hunter began the quest for the Orb.
     0 | D:1      | Reached XP level 1. HP: 19/19 MP: 0/0
    52 | D:1      | Reached skill level 4 in Throwing
    52 | D:1      | Reached XP level 2. HP: 21/27 MP: 1/1
   439 | D:1      | Reached XP level 3. HP: 34/35 MP: 2/2
   734 | D:2      | Noticed Sigmund
   744 | D:2      | Reached skill level 1 in Unarmed Combat
   751 | D:2      | Slain by Sigmund

Illustrated notes

Levels and vault maps discovered:
D:1:      evilmike_arrival_plus, layout_basic
D:2:      layout_loops_cross, uniq_natasha, uniq_sigmund

Skill      XL: |  1  2  3 |
---------------+----------+-----
Throwing       | 4 |  4.5
Unarmed Combat | 1 |  1.0
Fighting       | |  1.7
Dodging        | |  1.9
Stealth        | |  0.4

Action                   || total
-------------------------++-------
Melee: Unarmed           ||    85
       Short sword       ||     2
Throw: Large rock        ||     4
       Stone             ||    12
  Use: Scroll            ||     3
 Stab: Sleeping          ||     2
  Eat: Chunk             ||    12
Armor: Robe              ||    33
Dodge: Dodged            ||    39
